 Dungeon Crawl Stone Soup version 0.22-a0-157-g169b76a (webtiles) character file.

159 mhoghedin the Vandal (level 5, 0/36 HPs)
             Began as a Halfling Hunter on Feb 8, 2018.
             Was an Initiate of Lugonu.
             Slain by Xenophilius's ghost (10 damage)
             ... on level 3 of the Dungeon.
             The game lasted 00:04:24 (1791 turns).

mhoghedin the Vandal (Halfling Hunter)              Turns: 1791, Time: 00:04:25

Health: 0/36       AC:  4    Str: 14    XL:     5   Next: 68%
Magic:  5/5        EV: 19    Int:  9    God:    Lugonu [......]
Gold:   145        SH:  0    Dex: 15    Spells: 4/4 levels left

rFire    . . .     SeeInvis .   a - +1 hunting sling
rCold    . . .     Gourm    .   (shield restricted)
rNeg     . . .     Faith    .   s - +1 animal skin
rPois    .         Spirit   .   l - +0 helmet
rElec    .         Reflect  .   (no cloak)
rCorr    .         Harm     .   (no gloves)
MR       .....                  (no boots)
Stlth    ++........             (no amulet)
HPRegen  0.12/turn              e - +3 ring of evasion
MPRegen  0.09/turn              (no ring)

@: slowed, very slow
A: small, mutation resistance 1
a: Renounce Religion


You were on level 3 of the Dungeon.
You worshipped Lugonu.
Lugonu was noncommittal.
You were very hungry.

You visited 1 branch of the dungeon, and saw 3 of its levels.
You visited the Abyss 1 time.

You collected 145 gold pieces.

Inventory:

Hand Weapons
 a - a +1 hunting sling (weapon)
 b - a +0 short sword
Missiles
 d - 7 stones (quivered)
 i - 6 curare-tipped needles
 r - 10 sling bullets
Armour
 c - a +0 buckler
   (You found it on level 1 of the Abyss)
 l - a +0 helmet (worn)
   (You took it off Robin on level 2 of the Dungeon)
 s - a +1 animal skin (worn)
   (You took it off Robin on level 2 of the Dungeon)
Jewellery
 e - a +3 ring of evasion (left hand)
   (You found it on level 1 of the Dungeon)
Scrolls
 h - 3 scrolls of identify
 n - a scroll of amnesia
 o - a scroll of remove curse {unknown}
 p - a scroll of fog {unknown}
Potions
 j - a potion of heal wounds
 m - a potion of brilliance {unknown}
Comestibles
 f - 5 rations


   Skills:
 + Level 3.1 Fighting
 + Level 7.2 Slings
 + Level 3.9 Dodging
 - Level 1.1 Stealth


You had 4 spell levels left.
You didn't know any spells.

Dungeon Overview and Level Annotations

Branches:
Dungeon (3/15)

Altars:
Gozag
Kikubaaqudgha

Annotations:
D:3 Xenophilius's ghost, amateur CeGl


Innate Abilities, Weirdness & Mutations

You are small and have problems with some larger weapons.
You are somewhat resistant to further mutation.


Message History

The orc wizard hits you but does no damage.
Firing (i - inventory. (/) - cycle)
d - 13 stones (quivered)
Aim: an orc wizard, wielding a dagger and wearing a robe (severely wounded)
You shoot a stone. The stone misses the orc wizard.
The orc wizard hits you but does no damage.
Firing (i - inventory. (/) - cycle)
d - 12 stones (quivered)
Aim: an orc wizard, wielding a dagger and wearing a robe (severely wounded)
You shoot a stone.
The stone closely misses the orc wizard.
The orc wizard begins to cast a cantrip, but forgets the words!
A hobgoblin comes into view.
Firing (i - inventory. (/) - cycle)
d - 11 stones (quivered)
Aim: an orc wizard, wielding a dagger and wearing a robe (severely wounded)
You shoot a stone. The hobgoblin shouts!
The stone hits the orc wizard but does no damage.
Firing (i - inventory. (/) - cycle)
d - 10 stones (quivered)
Aim: an orc wizard, wielding a dagger and wearing a robe (severely wounded)
You shoot a stone.
The stone hits the orc wizard but does no damage.
The orc wizard completely misses you.
Firing (i - inventory. (/) - cycle)
d - 9 stones (quivered)
Aim: an orc wizard, wielding a dagger and wearing a robe (severely wounded)
You shoot a stone.
The stone completely misses the orc wizard.
The orc wizard barely misses you.
The orc wizard casts a spell.
The orc wizard seems to speed up.
A frilled lizard comes into view.
Gozag incites the frilled lizard against you.
The frilled lizard goes berserk!
The frilled lizard hisses angrily.
Unknown command.
Firing (i - inventory. (/) - cycle)
d - 8 stones (quivered)
Aim: an orc wizard, wielding a dagger and wearing a robe (severely wounded)
You shoot a stone. The stone hits the orc wizard.
You kill the orc wizard!
Lugonu accepts your kill.
The orc wizard hits you with a dagger of distortion.
Space bends around you.
You take 10 damage, and have 11/36 hp.
MASSIVE DAMAGE!!
The orc wizard closely misses you.
The frilled lizard rages.
An adder comes into view.
Gozag incites the adder against you.
The adder goes berserk!
The adder hisses angrily.
Items here: $ ( ) [ † a dagger; a robe; 7 gold pieces; 10 stones; an orc corpse Unknown command.
You aren't carrying any items that you can evoke.
The orc wizard hits you with a dagger of distortion.
* * * LOW HITPOINT WARNING * * *
Space warps horribly around you!
* * * LOW HITPOINT WARNING * * *
Things that are here:
a stone; 4 gold pieces; a hand axe You take 5 damage, and have 6/36 hp.
Unknown command.
You feel much better.
The orc wizard gestures at you while chanting.
You feel yourself slow down.
The adder rages.
You regained 23 hp, and now have 29/36 hp.
Unknown command.
The orc wizard mumbles some strange words.
The orc wizard blinks!
The adder barely misses you.
The orc wizard mumbles some strange words.
The orc wizard blinks!
The adder completely misses you.
You see here a stone.
Xenophilius's ghost (amateur Centaur Gladiator) comes into view.
Gozag incites Xenophilius's ghost against you.
Xenophilius's ghost turns its malevolent gaze towards you.
Xenophilius's ghost seems to speed up.
The adder rages.
The adder bites you. The adder misses you.
You take 4 damage, and have 26/36 hp.
The adder bites you. Xenophilius's ghost hits you!
* * * LOW HITPOINT WARNING * * *
The adder misses you.
Things that are here:
14 stones; a scroll of identify You take 16 damage, and have 10/36 hp.
MASSIVE DAMAGE!!
Unknown command.
Okay, then.
Unknown command.
The adder rages.
The adder closely misses you. Xenophilius's ghost closely misses you.
The orc wizard mumbles some strange words.
The orc wizard blinks!
The adder barely misses you.
Xenophilius's ghost completely misses you.
The hobgoblin closely misses you.
The adder rages.
The orc wizard gestures wildly while chanting.
The orc wizard blinks!
The adder bites you but does no damage. The frilled lizard closely misses you.
Xenophilius's ghost hits you!
You die...

....# .... ..#
#########..# ##
..........#
#..#..#########<..## #
........§.(.§.(....#.#
#..##.####.....lWo...#
# #.###gS@..#.# ...#
##...## # ..#### ##.##
# #.# #.# #.# #.# $
..#


You could see an orc wizard, Xenophilius's ghost, an adder (berserk), a
hobgoblin and a frilled lizard (berserk).

Vanquished Creatures
  An orc wizard (D:3)
  Jessica (D:2)
  Robin (D:2)
  5 adders
  An ooze (D:2)
  A worm (D:2)
  A leopard gecko (D:1)
  An orc (D:3)
  A ball python (D:1)
  A giant cockroach (D:2)
  9 goblins
  5 hobgoblins
  2 quokkas (D:2)
  4 bats
  2 frilled lizards (D:2)
  4 kobolds
  5 rats
45 creatures vanquished.

Notes
Turn   | Place    | Note
-------+----------+-------------------------------------------
     0 | D:1      | mhoghedin the Halfling Hunter began the quest for the Orb.
     0 | D:1      | Reached XP level 1. HP: 14/14 MP: 1/1
   124 | D:1      | Reached skill level 6 in Slings
   154 | D:1      | Reached skill level 2 in Fighting
   154 | D:1      | Reached XP level 2. HP: 19/19 MP: 2/2
   665 | D:2      | Reached XP level 3. HP: 24/24 MP: 3/3
   735 | D:2      | Reached skill level 3 in Dodging
   808 | D:2      | Found an ancient bone altar of Kikubaaqudgha.
   858 | D:2      | Reached XP level 4. HP: 30/30 MP: 4/4
   987 | D:2      | Noticed Robin
  1004 | D:2      | Killed Robin
  1178 | D:2      | Noticed Jessica
  1195 | D:2      | Killed Jessica
  1195 | D:2      | Reached XP level 5. HP: 15/36 MP: 5/5
  1407 | D:2      | Reached skill level 3 in Fighting
  1407 | D:2      | Reached skill level 7 in Slings
  1413 | D:2      | Found a faded altar of an unknown god.
  1540 | D:2      | Became a worshipper of Gozag Ym Sagoz the Greedy
  1603 | D:3      | Cast into level 1 of the Abyss (orc wizard)
  1668 | Abyss:1  | Noticed a large abomination
  1756 | Abyss:1  | Found a corrupted altar of Lugonu.
  1760 | Abyss:1  | Fell from the grace of Gozag
  1760 | Abyss:1  | Became a worshipper of Lugonu the Unformed
  1760 | Abyss:1  | Reached * piety under Lugonu
  1761 | D:3      | Escaped the Abyss
  1784 | D:3      | HP: 6/36 [orc wizard/dagger of distortion (4)]
  1788 | D:3      | Noticed Xenophilius's ghost (amateur CeGl)
  1791 | D:3      | Slain by Xenophilius's ghost

Vault maps used:
D:1:      eino_arrival_cavern_c, wad_floor_pattern_untrapped,
          serial_bayou_crossing
D:2:      lemuel_doored_altar, chequers_ecumenical_altar_grove,
          minmay_tiny_reverse_x, uniq_robin, uniq_jessica
D:3:      old_standard_altar, gammafunk_temple_overflow_elements,
          portal_sewer_entry_b, uniq_crazy_yiuf_cottage
Abyss:1:  minivault_26

Skill      XL: |  1  2  3  4  5 |
---------------+----------------+-----
Slings         | 6 7 |  7.2
Fighting       | 2 3 |  3.1
Dodging        | 3 |  3.9
Stealth        | |  1.1

Action                   |  1- 3 |  4- 6 || total
-------------------------+-------+-------++-------
Melee: Short sword       |       |    24 ||    24
 Fire: Hunting sling     |    82 |    69 ||   151
Invok: Depart the Abyss  |       |     1 ||     1
  Use: Potion            |       |     4 ||     4
       Scroll            |       |     2 ||     2
  Eat: Chunk             |       |     1 ||     1
Armor: Leather armour    |     3 |     5 ||     8
       Animal skin       |       |     3 ||     3
Dodge: Dodged            |    14 |    64 ||    78

Table legend:
 A = Spawn XP
 B = Non-spawn XP
 C = Spawn XP percentage of total XP
 D = Spawn monster count
 E = Non-spawn monster count
 F = Spawn count percentage of total count
 G = Total turns spent on level
                    A         B        C        D         E        F      G
               +---------+---------+-------+---------+---------+-------+---------
         Total |       0 |     228 |   0.0 |       0 |      45 |   0.0 |  1791
               +---------+---------+-------+---------+---------+-------+---------
           D:1 |       0 |      26 |   0.0 |       0 |      15 |   0.0 |   566
           D:2 |       0 |     147 |   0.0 |       0 |      27 |   0.0 |  1019
           D:3 |       0 |      55 |   0.0 |       0 |       3 |   0.0 |    48
               +---------+---------+-------+---------+---------+-------+---------

Vault maps used:
D:1:      eino_arrival_cavern_c, wad_floor_pattern_untrapped,
          serial_bayou_crossing
D:2:      lemuel_doored_altar, chequers_ecumenical_altar_grove,
          minmay_tiny_reverse_x, uniq_robin, uniq_jessica
D:3:      old_standard_altar, gammafunk_temple_overflow_elements,
          portal_sewer_entry_b, uniq_crazy_yiuf_cottage
Abyss:1:  minivault_26

Table legend:
 A = Turns spent in this place as a percentage of turns spent in the entire game.
 B = Non-inter-level travel turns spent in this place as a percentage of non-inter-level travel turns spent in the entire game.
 C = Inter-level travel turns spent in this place as a percentage of turns spent in this place.
 D = Turns resting spent in this place as a percentage of non-inter-level travel turns spent in this place.
 E = Turns spent auto-exploring this place as a percentage of non-inter-level travel turns spent in this place.
 F = Non-inter-level travel turns spent in this place divided by the number of levels of this place that you've seen.
                   A       B       C       D       E      F
               +-------+-------+-------+-------+-------+----------------------
         Total | 100.0 | 100.0 |   6.6 |  17.2 |  58.7 | 418.0
       Dungeon |  91.2 |  90.6 |   7.3 |  14.9 |  64.9 | 504.7
         Abyss |   8.8 |   9.4 |   0.0 |  38.6 |   0.0 | 158.0
               +-------+-------+-------+-------+-------+----------------------

Table legend:
 A = Kills in this place as a percentage of kills in entire the game.
 B = Kills by you in this place as a percentage of kills by you in the entire game.
 C = Kills by friends in this place as a percentage of kills by friends in the entire game.
 D = Other kills in this place as a percentage of other kills in the entire game.
 E = Experience gained in this place as a percentage of experience gained in the entire game.
 F = Experience gained in this place divided by the number of levels of this place that you have seen.
                   A       B       C       D       E      F
               +-------+-------+-------+-------+-------+----------------------
         Total | 100.0 | 100.0 |   N/A |   N/A | 100.0 |  57.0
       Dungeon | 100.0 | 100.0 |   N/A |   N/A | 100.0 |  76.0
               +-------+-------+-------+-------+-------+----------------------
